 Dungeon Crawl Stone Soup version 0.29.0-4-gdea44cf6ec (webtiles) character file.

Game seed: 7719154594151531201

15 qw the Firebug (level 2, 0/23 HPs)
             Began as a Ghoul Fire Elementalist on Aug 29, 2022.
             Slain by a rat (1 damage)
             ... on level 2 of the Dungeon.
             The game lasted 00:00:29 (623 turns).

qw the Firebug (Ghoul Fire Elementalist)             Turns: 623, Time: 00:00:30

Health: 0/23       AC:  2    Str: 11    XL:     2   Next: 50%
Magic:  3/3        EV: 12    Int: 10    God:
Gold:   47         SH:  0    Dex:  9    Spells: 3/4 levels left

rFire   . . .      SeeInvis .     - Unarmed
rCold   + . .      Faith    .   (no shield)
rNeg    + + +      Spirit   .   a - +0 robe
rPois   inf        Reflect  .   (no helmet)
rElec   .          Harm     .   (no cloak)
rCorr   .          Rampage  .   (no gloves)
Will    .....                   (no boots)
Stlth   ++........              (no amulet)
HPRegen 0.00/turn               (no ring)
MPRegen 0.08/turn               (no ring)

@: inhibited regen
A: claws 1, cold resistance 1, negative energy resistance 3, inhibited
regeneration, torment resistance 2, devour on kill
a: no special abilities


You were on level 2 of the Dungeon.
You visited 1 branch of the dungeon, and saw 2 of its levels.

You collected 47 gold pieces.


Innate Abilities, Weirdness & Mutations

You are immune to poison.
You have sharp fingernails.
Your flesh is cold resistant. (rC+)
You are immune to negative energy. (rN+++)
You do not regenerate when monsters are visible.
You are immune to unholy pain and torment.
You thrive by killing the living.


   Skills:
 - Level 1.0 Fighting
 - Level 1.7 Dodging
 - Level 2.1 Stealth
 + Level 1.9 Unarmed Combat
 - Level 1.7 Spellcasting
 - Level 0.7 Conjurations
 - Level 2.4 Fire Magic


You had 3 spell levels left.
You knew the following spells:

 Your Spells              Type           Power      Damage    Failure   Level
a - Foxfire               Conj/Fire      16%        2x1d4     17%         1

Your spell library contained the following spells:

 Spells                   Type           Power      Damage    Failure   Level
 Scorch                   Fire           10%        2d5       19%         2
 Conjure Flame            Conj/Fire      4%         6-21      45%         3
 Inner Flame              Hex/Fire       3%         N/A       52%         3
 Flame Wave               Conj/Fire      4%         2d5       86%         4

Inventory:

Armour
 a - a +0 robe (worn)
Scrolls
 c - a scroll of identify {unknown}
Potions
 b - a potion of magic

Dungeon Overview and Level Annotations

Branches:
Dungeon (1/15)

Altars:


Message History

The hobgoblin is almost dead.
The bat hits you but does no damage. The frilled lizard closely misses you.
The hobgoblin misses you.
You scratch the hobgoblin.
You kill the hobgoblin!
The bat closely misses you.
A ball python comes into view.
The frilled lizard closely misses you.
You closely miss the frilled lizard. The bat hits you but does no damage.
The rat closely misses you. The frilled lizard bites you.
You scratch the frilled lizard but do no damage.
The bat barely misses you. The rat closely misses you.
The frilled lizard misses you.
You closely miss the frilled lizard. The rat closely misses you.
The frilled lizard misses you. The bat completely misses you.
You barely miss the bat. The bat hits you but does no damage.
The frilled lizard bites you but does no damage.
The rat closely misses you.
You closely miss the frilled lizard. The rat bites you.
The frilled lizard bites you but does no damage.
The bat hits you but does no damage.
You scratch the bat.
You kill the bat!
You feel better. The rat bites you.
The frilled lizard completely misses you.
You barely miss the frilled lizard.
The rat twitches its whiskers.
The rat bites you. The frilled lizard closely misses you.
You closely miss the frilled lizard. The rat misses you.
The frilled lizard closely misses you.
You barely miss the frilled lizard. The rat bites you.
The frilled lizard bites you.
You closely miss the frilled lizard. The rat bites you.
You die...

#######
#...l@##########
##...r%##.......#
######.........###.###
#......:....######.#
..#................#
...!#........#######
#........%.###
#.........##
.####.....#


You could see a frilled lizard and a rat.

Vanquished Creatures
  A worm (D:2)
  An endoplasm (D:1)
  A goblin (D:1)
  A hobgoblin (D:2)
  A quokka (D:2)
  3 bats
  A frilled lizard (D:1)
  2 kobolds (D:1)
  A rat (D:2)
12 creatures vanquished.

Notes
Turn   | Place    | Note
-------+----------+-------------------------------------------
     0 | D:1      | qw the Ghoul Fire Elementalist began the quest for the Orb.
     0 | D:1      | Reached XP level 1. HP: 14/14 MP: 2/2
     0 | D:1      | 0 ||| qw: Version: 0.1-a-90-g952f4b7
     0 | D:1      | 0 ||| qw: Game counter: 3836
     0 | D:1      | 0 ||| qw: Always use a shield: true
     0 | D:1      | 0 ||| qw: God list: Okawaru
     0 | D:1      | 0 ||| qw: Allow faded altars: false
     0 | D:1      | 0 ||| qw: Do Orc after D:15 true
     0 | D:1      | 0 ||| qw: Do second Lair branch before Depths: true
     0 | D:1      | 0 ||| qw: Lair rune preference: random
     0 | D:1      | 0 ||| qw: Plans: Normal
     0 | D:1      | 0 ||| PLANNING D:1-11
    23 | D:1      | 23 ||| Stepping ~*~*~tactically~*~*~ (stealth).
    34 | D:1      | Reached skill level 1 in Unarmed Combat
   229 | D:1      | Reached skill level 1 in Fighting
   229 | D:1      | Reached XP level 2. HP: 23/23 MP: 3/3
   241 | D:1      | You fall into a shaft and drop 1 floor!
   280 | D:2      | HP: 2/23 [worm (6)]
   366 | D:2      | HP: 4/23 [quokka (2)]
   589 | D:2      | 589 ||| Stepping ~*~*~tactically~*~*~ (stealth).
   594 | D:2      | 594 ||| Stepping ~*~*~tactically~*~*~ (outnumbered).
   595 | D:2      | 595 ||| Stepping ~*~*~tactically~*~*~ (outnumbered).
   596 | D:2      | 596 ||| Stepping ~*~*~tactically~*~*~ (outnumbered).
   597 | D:2      | 597 ||| Stepping ~*~*~tactically~*~*~ (outnumbered).
   622 | D:2      | HP: 3/23 [rat (3)]
   622 | D:2      | HP: 1/23 [frilled lizard (2)]
   623 | D:2      | Slain by a rat

Levels and vault maps discovered:
D:1:      dpeg_arrival_simpleton_c, layout_basic, basic_ecumenical_altar
D:2:      layout_rooms, basic_altar, chequers_serial_rivers_small_b,
          minmay_vboxes

Skill      XL: |  1 |
---------------+----+-----
Unarmed Combat | 1 |  1.9
Fighting       | 1 |  1.0
Dodging        | |  1.7
Stealth        | |  2.1
Spellcasting   | |  1.7
Conjurations   | |  0.7
Fire Magic     | |  2.4

Action                   || total
-------------------------++-------
Melee: Unarmed           ||    69
Armor: Robe              ||    15
Dodge: Dodged            ||    54

Table legend:
 A = Non-vault XP
 B = Vault XP
 C = Vault XP percentage of total XP
 D = Non-vault monster count
 E = Vault monster count
 F = Vault count percentage of total count
                 A         B        C        D         E       F
            +---------+---------+-------+---------+---------+-------
      Total |      18 |       4 |  18.2 |      10 |       2 |  16.7
            +---------+---------+-------+---------+---------+-------
        D:1 |      10 |       0 |   0.0 |       7 |       0 |   0.0
        D:2 |       8 |       4 |  33.3 |       3 |       2 |  40.0
            +---------+---------+-------+---------+---------+-------
